 Dungeon Crawl Stone Soup version 0.21.1-1-g345015f (webtiles) character file.

104 rlgrobin the Poker (level 4, 0/38 HPs)
             Began as a Centaur Abyssal Knight on Apr 29, 2018.
             Was a Believer of Lugonu.
             Slain by Crazy Yiuf
             ... wielding a +4 quarterstaff of chaos
              (5 damage)
             ... on level 2 of the Dungeon.
             The game lasted 00:08:50 (1890 turns).

rlgrobin the Poker (Centaur Abyssal Knight)         Turns: 1890, Time: 00:08:50

Health: 0/38       AC:  5    Str: 14    XL:     4   Next: 52%
Magic:  6/6        EV: 14    Int: 11    God:    Lugonu [**....]
Gold:   106        SH:  0    Dex: 15    Spells: 3/3 levels left

rFire    . . .     SeeInvis .   a - +1 spear
rCold    . . .     Gourm    .   (no shield)
rNeg     . . .     Faith    .   b - +0 leather armour
rPois    .         Spirit   .   g - +0 helmet
rElec    .         Reflect  .   (no cloak)
rCorr    .         Harm     .   (no gloves)
MR       .....                  (no barding)
Stlth    ++........             (no amulet)
HPRegen  0.12/turn              (no ring)
MPRegen  0.10/turn              (no ring)

@: agile, slowed
A: large, hooves 3, deformed body, speed 2, tough skin 3
a: Depart the Abyss, Bend Space, Renounce Religion


You were on level 2 of the Dungeon.
You worshipped Lugonu.
Lugonu was pleased with you.
You were not hungry.

You visited 1 branch of the dungeon, and saw 2 of its levels.
You visited the Abyss 1 time.

You collected 106 gold pieces.


Innate Abilities, Weirdness & Mutations

You have hooves in place of feet.
Armour fits poorly on your strangely shaped body.
You cover ground very quickly.
You have extremely tough skin. (AC +3)


   Skills:
 - Level 3.1 Fighting
 - Level 4.0 Polearms
 - Level 1.3 Armour
 - Level 0.6 Dodging
 + Level 2.7 Invocations


You had 3 spell levels left.
You didn't know any spells.

Inventory:

Hand Weapons
 a - a +1 spear (weapon)
 n - a +0 hunting sling
Missiles
 h - 15 stones (quivered)
 p - 27 arrows
Armour
 b - a +0 leather armour (worn)
 g - a +0 helmet (worn)
Scrolls
 d - a scroll of teleportation {unknown}
 f - a scroll of enchant armour {unknown}
 i - a scroll of fear {unknown}
 j - a scroll of magic mapping {unknown}
 l - 4 scrolls of remove curse {unknown}
 o - a scroll of fog {unknown}
 s - a scroll of identify {unknown}
Potions
 e - a potion of brilliance {unknown}
 k - 2 potions of lignification {unknown}
 m - 2 potions of agility
 q - a potion of might {unknown}
 r - a potion of invisibility {unknown}
Comestibles
 c - 9 rations

Dungeon Overview and Level Annotations

Branches:
Dungeon (2/15)

Altars:

Annotations:
D:2 Crazy Yiuf

..<....................'.........
..........▒▒▒▒▒.▒...▒▒▒▒.........
▒▒.▒.▒▒▒▒▒▒ ▒.▒▒.▒▒ ▒▒.......▒
▒▒.......▒ ▒.▒▒▒▒ ▒▒.....▒▒
......▒▒.▒ ▒.▒▒ ▒▒...▒▒
.▒.▒▒.▒▒.▒ ▒..▒ ▒▒)▒▒ .▒....▒▒)▒
▒▒.▒ ▒.▒ .▒.▒▒.▒▒>▒ ▒.▒ ▒.▒
.▒.▒▒.▒▒.▒ ▒c▒ ▒▒.▒▒ .▒.......▒
▒g▒ ▒▒▒▒▒...▒▒ ......▒▒▒▒
▒.▒▒▒▒▒▒........▒▒ ▒▒▒▒▒.▒
▒................. ......▒
▒▒▒▒▒▒▒▒.▒▒.▒...▒▒ ▒▒▒▒▒▒▒
▒.▒▒.▒...▒ ▒ ▒▒▒.▒▒.....▒ ▒
▒▒...▒▒.▒...▒ ▒ ▒▒....▒▒.▒...▒


You could see Crazy Yiuf.


Message History

Crazy Yiuf laughs, "Cake foot green!!!"
Attack whom?
Aim: Crazy Yiuf, wielding a quarterstaff of chaos and wearing a glowing cloak (severely wounded)
You reach to attack!!!
You barely miss Crazy Yiuf!
Crazy Yiuf is severely wounded!
Crazy Yiuf screams, "Cards horse noodlescoop!!!"
Attack whom?
Aim: Crazy Yiuf, wielding a quarterstaff of chaos and wearing a glowing cloak (severely wounded)
You reach to attack!!!
You barely miss Crazy Yiuf!
Crazy Yiuf is severely wounded!
Crazy Yiuf whimpers, "Proton Hive mumblescurry!!!"
Attack whom?
Aim: Crazy Yiuf, wielding a quarterstaff of chaos and wearing a glowing cloak (severely wounded)
You reach to attack!!!
You skewer Crazy Yiuf like a kebab!
Crazy Yiuf is almost dead!
Crazy Yiuf flaps his cloak!
Attack whom?
Aim: Crazy Yiuf, wielding a quarterstaff of chaos and wearing a glowing cloak (almost dead)
You reach to attack!!!
You spit Crazy Yiuf like a pig!
Crazy Yiuf is almost dead!
You closely miss Crazy Yiuf! Your kick misses Crazy Yiuf!
Crazy Yiuf is almost dead!
Crazy Yiuf hits you with a quarterstaff of chaos!!! * * * don't die
* * * You feel yourself slow down!
You take 14 damage, and have 5/38 hp!
MASSIVE DAMAGE!!!!!!
You barely miss Crazy Yiuf! Your kick misses Crazy Yiuf!
Crazy Yiuf is almost dead!
Crazy Yiuf hits you with a quarterstaff of chaos! rip

Action                   |  1- 3 |  4- 6 || total
-------------------------+-------+-------++-------
Melee: Spear             |   124 |    91 ||   215
       Kick              |    14 |     9 ||    23
 Fire: Hunting sling     |     1 |       ||     1
Throw: Stone             |     7 |     4 ||    11
Invok: Depart the Abyss  |     1 |       ||     1
  Use: Potion            |       |     1 ||     1
  Eat: Chunk             |       |     2 ||     2
Armor: Leather armour    |    36 |    29 ||    65
Dodge: Dodged            |    30 |    32 ||    62

Vault maps used:
D:1:      roderic_chinese_lattice_arrival
D:2:      minmay_tetromino_o4, uniq_crazy_yiuf_cottage

Notes
Turn   | Place    | Note
-------+----------+-------------------------------------------
     0 | Abyss:1  | rlgrobin the Centaur Abyssal Knight began the quest for the Orb.
     0 | Abyss:1  | Reached XP level 1. HP: 19/19 MP: 2/2
    36 | Abyss:1  | Noticed a thrashing horror
    38 | D:1      | Escaped the Abyss
   148 | D:1      | Reached skill level 2 in Polearms
   171 | D:1      | Reached * piety under Lugonu
   171 | D:1      | Reached XP level 2. HP: 26/26 MP: 3/3
   302 | D:1      | Reached skill level 3 in Polearms
   302 | D:1      | Reached XP level 3. HP: 22/31 MP: 4/4
   884 | D:2      | Found a runed door.
   953 | D:2      | Reached skill level 4 in Polearms
   953 | D:2      | Reached XP level 4. HP: 24/38 MP: 5/5
  1071 | D:2      | Reached ** piety under Lugonu
  1855 | D:2      | Somehow, autoexplore phased me through Yuif's runed door
  1855 | D:2      | HOW
  1855 | D:2      | Noticed Crazy Yiuf
  1890 | D:2      | Slain by Crazy Yiuf

Vanquished Creatures
  A gnoll (D:1)
  4 adders (D:2)
  An ooze (D:1)
  2 giant cockroaches
  3 goblins
  5 hobgoblins
  7 jackals
  A quokka (D:2)
  6 bats
  7 frilled lizards
  11 kobolds
  9 rats
57 creatures vanquished.
